AoeStats
← OMEN 7776698

Arabia

510140754Analyzed
1v1 RM · 19h ago on Sep 29, 2026· 56m 46s· 2 players
Game mode
Random Map
Map size
Tiny (2 player)
Population
200
Speed
Normal
Resources
Standard
Victory
Conquest
Starting age
Dark Age
Ending age
Imperial Age
RankedLock teamsTeams togetherTeam positionsShared explorationLock speedFull tech treeHidden civsTurbo modeCheats
Victory
Defeat
🇳🇴 Burgundians · Norway
560
+16
🇮🇳 Portuguese · India
561
-16
OMEN 7776698
0:41 Loom
4:32 Wheelbarrow
5:17 Double-Bit Axe
13:24 Feudal Age
13:36 Gold Mining
14:28 Bow Saw
14:43 Town Watch
15:44 Horse Collar
17:48 Heavy Plow
20:06 Hand Cart
22:48 Castle Age
21:42 Scale Barding Armor
21:48 Forging
24:36 Two-Man Saw
23:12 Cavalier
23:53 Husbandry
25:29 Gold Shaft Mining
25:47 Stone Mining
26:57 Iron Casting
28:30 Crop Rotation
28:58 Chain Barding Armor
31:28 Guilds
36:04 Imperial Age
38:10 Plate Barding Armor
38:36 Blast Furnace
38:10 Paladin
42:12 Conscription
42:05 Burgundian Vineyards
44:33 Town Patrol
45:55 Stone Shaft Mining
45:21 Murder Holes
45:39 Masonry
46:50 Elite Coustillier
pavanayi_shavamayi
12:34 Feudal Age
17:49 Castle Age
17:11 Double-Bit Axe
17:11 Horse Collar
19:05 Bow Saw
19:11 Heavy Plow
23:48 Fervor
26:42 Bloodlines
26:50 Pikeman
29:05 Arson
29:06 Gambesons
29:28 Scale Barding Armor
29:21 Stone Mining
30:26 Husbandry
36:04 Imperial Age
34:41 Chain Barding Armor
33:56 Light Cavalry
35:52 Forging
36:51 Wheelbarrow
36:02 Town Watch
36:18 Scale Mail Armor
36:09 Fletching
36:20 Padded Archer Armor
36:54 Arquebus
37:14 Conscription
36:29 Cavalier
37:56 Circumnavigation
38:41 Crop Rotation
38:22 Halberdier
40:08 Iron Casting
39:49 Chain Mail Armor
40:11 Hand Cart
39:43 Loom
41:57 Town Patrol
42:03 Elite Organ Gun
44:37 Blast Furnace
44:13 Plate Barding Armor
44:08 Plate Mail Armor
43:34 Bodkin Arrow
43:54 Leather Archer Armor
45:18 Stone Shaft Mining
46:03 Leather Archer Armor
47:03 Two-Man Saw
48:19 Siphons
Connection lost

Rejoining the realm…

Still unreachable

The connection could not be restored.

Session expired

The server has moved on; the page needs a fresh start.